 Dungeon Crawl Stone Soup version 0.29.0-11-gd7f09526c8 (webtiles) character file.

Game seed: 12379185916036665126

1836 apoch the Cleaver (level 8, -8/78 HPs)
             Began as a Minotaur Fighter on Sept 6, 2022.
             Was a Believer of Okawaru.
             Mangled by an orc warrior
             ... wielding a +0 glaive
              (10 damage)
             ... on level 6 of the Dungeon.
             The game lasted 00:08:02 (5055 turns).

apoch the Cleaver (Minotaur Fighter)                Turns: 5055, Time: 00:08:03

Health: -8/78      AC: 12    Str: 23    XL:     8   Next: 87%
Magic:  10/10      EV:  6    Int:  5    God:    Okawaru [**....]
Gold:   196        SH:  4    Dex: 10    Spells: 7/7 levels left

rFire   . . .      SeeInvis .   n - +6 hand axe (elec)
rCold   . . .      Faith    .   c - +0 buckler
rNeg    . . .      Spirit   .   v - +0 plate armour
rPois   .          Reflect  .   (helmet restricted)
rElec   .          Harm     .   y - +0 cloak
rCorr   +          Rampage  .   (no gloves)
Will    .....                   (no boots)
Stlth   ..........              (no amulet)
HPRegen 0.23/turn               m - ring of resist corrosion
MPRegen 0.12/turn               (no ring)

@: no status effects
A: horns 2, retaliatory headbutt
a: Renounce Religion, Heroism


You were on level 6 of the Dungeon.
You worshipped Okawaru.
Okawaru was pleased with you.
You visited 2 branches of the dungeon, and saw 7 of its levels.

You collected 259 gold pieces.
You spent 63 gold pieces at shops.

Inventory:

Hand Weapons
 a - a +0 war axe of draining
 k - a +0 war axe
 n - a +6 hand axe of electrocution (weapon)
 o - a +2 flail of holy wrath
Missiles
 q - 2 datura-tipped darts
 t - 10 poisoned darts
 w - 2 boomerangs
Armour
 c - a +0 buckler (worn)
 v - a +0 plate armour (worn)
 y - a +0 cloak (worn)
Jewellery
 m - a ring of resist corrosion (left hand)
Wands
 s - a wand of flame (21)
Scrolls
 i - 2 scrolls of enchant armour
 r - 4 scrolls of teleportation
 x - a scroll of identify
Potions
 d - a potion of brilliance {unknown}
 e - 2 potions of mutation {unknown}
 f - a potion of might
 g - 5 potions of curing
 h - 2 potions of cancellation {unknown}
 l - 3 potions of degeneration
 p - a potion of haste {unknown}
 u - a potion of heal wounds {unknown}


   Skills:
 * Level 9.1 Fighting
 - Level 10.0 Axes
 - Level 3.6 Armour
 - Level 3.6 Shields
 + Level 4.1 Invocations


You had 7 spell levels left.
You didn't know any spells.
Your spell library contained the following spells:

 Spells                   Type           Power      Damage    Failure   Level
 Necrotise                Necr           0%         1d4       100%        1
 Blink                    Tloc           0%         N/A       100%        2
 Poisonous Vapours        Pois/Air       0%         N/A       100%        2
 Dazzling Flash           Conj/Hex       0%         N/A       100%        3
 Stone Arrow              Conj/Erth      0%         3d7       100%        3
 Vampiric Draining        Necr           0%         2d6       100%        3
 Airstrike                Air            0%         2d(0-16)  100%        4
 Corpse Rot               Necr/Pois/Air  0%         N/A       100%        4
 Iskenderun's Mystic Bla  Conj/Tloc      0%         2d3       100%        4
 Agony                    Necr           0%         N/A       100%        5
 Lightning Bolt           Conj/Air       0%         1d11      100%        5
 Manifold Assault         Tloc           0%         N/A       100%        5
 Starburst                Conj/Fire      0%         6d3       100%        6
 Storm Form               Tmut/Air       0%         N/A       100%        7
 Lehudib's Crystal Spear  Conj/Erth      0%         10d2      100%        8
 Animate Armour           Summ/Erth      Unusable   N/A       N/A         4
 Summon Lightning Spire   Summ/Air       Unusable   N/A       N/A         4

Dungeon Overview and Level Annotations

Branches:
Dungeon (6/15)             Temple (1/1) D:4

Altars:
Elyvilon
Fedhas
Gozag
Hepliaklqana
Makhleb
Nemelex Xobeh
Okawaru
Ru
Sif Muna
Trog
Vehumet
Wu Jian
The Shining One

Shops:
D:3 *


Innate Abilities, Weirdness & Mutations

You have a pair of horns on your head.
You reflexively headbutt those who attack you in melee.


Message History

You climb downwards.
The orc warrior hits you from afar with a +0 glaive! x2
There is a stone staircase leading up, spattered with blood here.
You hit the orc. You headbutt the orc, but do no damage.
The orc is moderately wounded.
You slash the orc! Lightning courses through the orc!
You kill the orc!
Okawaru accepts your kill.
The orc warrior hits you from afar with a +0 glaive.
The orc warrior completely misses you.
You slash the orc wizard! Your headbutt misses the orc wizard.
The orc wizard is severely wounded.
The orc warrior hits you from afar with a +0 glaive!
You are too injured to fight recklessly!
You are too injured to fight recklessly!
You are too injured to fight recklessly!
You are too injured to fight recklessly!
You are too injured to fight recklessly!
You slash the orc wizard!
Lightning courses through the orc wizard!
You kill the orc wizard!
Okawaru accepts your kill.
The orc warrior hits you but does no damage.
The orc warrior hits you with a +0 glaive!
Items here: )))) †.
You hit the orc warrior. Your headbutt misses the orc warrior.
The orc warrior is lightly wounded.
The orc warrior hits you with a +0 glaive!
* * * LOW HITPOINT WARNING * * *
You hit the orc warrior but do no damage.
The orc warrior is lightly wounded.
The orc warrior hits you with a +0 glaive!
* * * LOW HITPOINT WARNING * * *
You slash the orc warrior!
The orc warrior is moderately wounded.
The orc warrior hits you with a +0 glaive.
* * * LOW HITPOINT WARNING * * *
The orc warrior attacks as you move away!
The orc warrior hits you with a +0 glaive!
You die...

#####.......oo..
................
.............o..
............o...
.............o..
........######..
........######
......o).)...+
.......@######..
)......)<.......
.........####...
..........
...........
........####
####..... ######


You could see an orc warrior.

Vanquished Creatures
  Prince Ribbit (D:6)
  Sigmund (D:2)
  3 black bears
  2 ogres
  A centaur (D:5)
  A phantom (D:5)
  A necrophage (D:5)
  A scorpion (D:5)
  2 howler monkeys
  3 hounds (D:4)
  2 orc priests
  Crazy Yiuf (D:5)
  Terence (D:2)
  5 iguanas
  3 orc wizards
  Ijyb (D:3)
  11 gnolls
  5 adders
  A white imp (D:5)
  An ufetubus (D:4)
  4 worms
  2 dart slugs (D:1)
  17 orcs
  2 bats (D:1)
  7 endoplasms
  2 giant cockroaches
  11 goblins
  2 hobgoblins
  7 kobolds
  2 quokkas
  8 ball pythons
  6 frilled lizards
  10 rats
127 creatures vanquished.

Notes
Turn   | Place    | Note
-------+----------+-------------------------------------------
     0 | D:1      | apoch the Minotaur Fighter began the quest for the Orb.
     0 | D:1      | Reached XP level 1. HP: 19/19 MP: 0/0
   146 | D:1      | Reached skill level 3 in Axes
   155 | D:1      | Reached XP level 2. HP: 25/26 MP: 1/1
   348 | D:1      | Reached skill level 4 in Axes
   690 | D:2      | Reached XP level 3. HP: 31/31 MP: 2/2
  1074 | D:2      | Noticed Terence
  1080 | D:2      | Killed Terence
  1081 | D:2      | Reached skill level 5 in Axes
  1086 | D:2      | Reached XP level 4. HP: 6/39 MP: 3/3
  1407 | D:2      | Noticed Sigmund
  1414 | D:2      | Killed Sigmund
  1415 | D:2      | Reached skill level 7 in Axes
  1415 | D:2      | Reached XP level 5. HP: 32/45 MP: 4/4
  1506 | D:2      | Identified the +0 chain mail of Loffuonaetz {MP+9 Int-5
                  | Dex+3}
  2010 | D:3      | Reached XP level 6. HP: 51/51 MP: 5/5
  2238 | D:3      | Noticed Ijyb
  2245 | D:3      | Killed Ijyb
  2346 | D:3      | Found Gotuykludet's Assorted Antiques.
  2352 | D:3      | Bought a scroll labelled JIQITZ SAZONG for 21 gold pieces
  2352 | D:3      | Bought a scroll labelled JOWEYT YMOAST for 21 gold pieces
  2352 | D:3      | Bought a scroll labelled VOETSIJUO for 21 gold pieces
  2705 | D:4      | Reached skill level 8 in Axes
  2837 | D:4      | Reached skill level 9 in Axes
  2843 | D:4      | Reached XP level 7. HP: 57/57 MP: 6/6
  3245 | D:4      | Found a staircase to the Ecumenical Temple.
  3257 | Temple   | Entered the Ecumenical Temple
  3310 | Temple   | Became a worshipper of Warmaster Okawaru
  3356 | D:4      | Reached skill level 10 in Axes
  3441 | D:4      | Reached skill level 5 in Fighting
  3637 | D:5      | Entered Level 5 of the Dungeon
  3697 | D:5      | Reached skill level 1 in Invocations
  3849 | D:5      | Reached XP level 8. HP: 70/70 MP: 8/8
  3861 | D:5      | Reached * piety under Okawaru
  4092 | D:5      | Found a runed translucent door.
  4093 | D:5      | Noticed Crazy Yiuf
  4768 | D:5      | Killed Crazy Yiuf
  4844 | D:6      | Noticed Prince Ribbit
  4855 | D:6      | Killed Prince Ribbit
  5000 | D:5      | Reached ** piety under Okawaru
  5054 | D:6      | HP: 2/78 [orc warrior/+0 glaive (3)]
  5055 | D:6      | Mangled by an orc warrior

Illustrated notes

Levels and vault maps discovered:
D:1:      dpeg_arrival_pond, layout_rooms
D:2:      layout_loops_ring, minmay_pentomino_p2, uniq_sigmund, uniq_terence
D:3:      layout_loops_ring, serial_shops, nicolae_shop_behind_doors,
          nrook_mini_backslash, uniq_ijyb
D:4:      minmay_diamond_boxcup, layout_basic, minmay_temple_entry_purple_smoke
D:5:      layout_loops_ring, uniq_crazy_yiuf_cottage
D:6:      layout_basic, chequers_mini_garden, uniq_prince_ribbit1
Temple:   nicolae_temple_ecumenical_triangle

Skill      XL: |  1  2  3  4  5  6  7  8 |
---------------+-------------------------+-----
Axes           | 3 4 5 7 9 10 | 10.0
Fighting       | 6 9 |  9.1
Invocations    | 1 4 |  4.1
Armour         | |  3.6
Shields        | |  3.6

Action                   |  1- 3 |  4- 6 |  7- 9 || total
-------------------------+-------+-------+-------++-------
Melee: War axe           |    61 |       |       ||    61
       Headbutt          |    10 |     6 |    18 ||    34
       Hand axe          |       |    64 |   131 ||   195
Throw: Stone             |    30 |    10 |     5 ||    45
       Dart              |       |    17 |       ||    17
  Use: Potion            |       |     1 |       ||     1
       Scroll            |       |     8 |     3 ||    11
Armor: Scale mail        |    19 |     3 |       ||    22
       Chain mail        |       |    11 |     6 ||    17
       Plate armour      |       |       |    50 ||    50
Dodge: Dodged            |    15 |    18 |    32 ||    65
Block: Buckler           |    10 |    10 |    21 ||    41
